 Dungeon Crawl Stone Soup version 0.19.1-1-g22dce08 (webtiles) character file.

112 Peloso the Skirmisher (level 4, -3/39 (40) HPs)
             Began as a Ghoul Fighter on Jan 6, 2017.
             Slain by a hippogriff (6 damage)
             ... on level 3 of the Dungeon.
             The game lasted 00:04:43 (1671 turns).

Peloso the Skirmisher (Ghoul Fighter)               Turns: 1671, Time: 00:04:44

HP:   -3/39 (40)    AC:  9    Str: 19    XL:     4   Next: 93%
MP:   3/3           EV:  5    Int:  3    God:
Gold: 91            SH:  9    Dex:  9    Spells: 0 memorised, 3 levels left

rFire  . . .     SeeInvis .     a - +0 long sword
rCold  + . .     Gourm    .     i - +0 chain mail
rNeg   + + +     Faith    .     c - +0 shield
rPois  ∞         Spirit   .     (no helmet)
rElec  .         Reflect  .     (no cloak)
rCorr  .         Harm     +     (no gloves)
MR     +....                    (no boots)
Stlth  ..........               n - amulet of harm
                                (no ring)
                                s - ring of protection from magic (curse)

@: rotting
A: rotting body, claws 1, carnivore 3, cold resistance 1, negative energy
resistance 3, slow regeneration 1, torment resistance, unbreathing
a: no special abilities


You were on level 3 of the Dungeon.
You were not hungry.

You visited 1 branch of the dungeon, and saw 3 of its levels.

You collected 91 gold pieces.

Inventory:

Hand Weapons
 a - a +0 long sword (weapon)
Armour
 b - a +0 scale mail
 c - a +0 shield (worn)
 i - a +0 chain mail (worn)
 u - a +0 pair of boots
Jewellery
 n - an amulet of harm (around neck)
 s - a cursed ring of protection from magic (left claw)
Wands
 o - a wand of teleportation (6/9)
Scrolls
 e - a scroll of teleportation {unknown}
 g - a scroll of blinking {unknown}
 h - a scroll of amnesia {unknown}
 j - a scroll of noise {unknown}
 l - 3 scrolls of magic mapping {unknown}
 m - a scroll of identify {unknown}
 r - a scroll of recharging {unknown}
Potions
 d - 3 potions of might
 p - 2 potions of lignification {unknown}
 t - a potion of degeneration {unknown}
Comestibles
 f - 2 meat rations
 k - a chunk of flesh
 q - a beef jerky


   Skills:
 + Level 3.7 Fighting
 + Level 2.5 Long Blades
 + Level 3.1 Armour
 + Level 1.1 Dodging
 + Level 0.2 Stealth
 + Level 3.6 Shields


You had 3 spell levels left.
You didn't know any spells.

Dungeon Overview and Level Annotations

Branches:
Dungeon (3/15)

Altars:


Innate Abilities, Weirdness & Mutations

Your body is rotting away.
You thrive on raw meat.
You are immune to poison.
You have sharp fingernails.
You are carnivorous and can eat meat at any time.
Your flesh is cold resistant. (rC+)
You are immune to negative energy. (rN+++)
You regenerate slowly when monsters are visible.
You are immune to unholy pain and torment.
You can survive without breathing.


Message History

The hippogriff pecks you but does no damage.
The hippogriff claws you.
Your chain mail prevents you from hitting the hippogriff.
The hippogriff is heavily wounded.
The hippogriff barely misses you.
You riposte.
You hit the hippogriff.
The hippogriff is heavily wounded.
The hippogriff pecks you but does no damage.
The hippogriff completely misses you.
You completely miss the hippogriff.
The hippogriff is heavily wounded.
The hippogriff bites you.
* * * LOW HITPOINT WARNING * * *
You block the hippogriff's attack. The hippogriff barely misses you.
Unknown command.
You hit the hippogriff.
The hippogriff is severely wounded.
The hippogriff bites you.
* * * LOW HITPOINT WARNING * * *
The hippogriff pecks you.
You die...

#####....#
##########.##
............#
############# ###
. #.. #. .. #.#
#.. #. #.# #..#
#. #@#
....$#.###H#
.....#.[.JS###...
(.....J....)...#
...............#
$..............#
################


You could see a hippogriff, an ooze and a ball python.

Vanquished Creatures
  Ijyb (D:2)
  2 adders (D:2)
  An ooze (D:1)
  4 worms (D:2)
  3 dart slugs
  6 bats
  2 giant cockroaches (D:2)
  7 goblins
  2 hobgoblins (D:1)
  6 jackals (D:1)
  A ball python (D:2)
  3 frilled lizards
  2 kobolds (D:2)
  7 rats
47 creatures vanquished.

Notes
Turn   | Place    | Note
-------+----------+-------------------------------------------
     0 | D:1      | Peloso the Ghoul Fighter began the quest for the Orb.
     0 | D:1      | Reached XP level 1. HP: 19/19 MP: 0/0
   143 | D:1      | Reached XP level 2. HP: 20/25 MP: 1/1
   449 | D:1      | Reached XP level 3. HP: 28/31 MP: 2/2
   824 | D:2      | Reached XP level 4. HP: 23/39 MP: 3/3
   889 | D:2      | Reached skill level 1 in Dodging
  1036 | D:2      | Noticed Ijyb
  1076 | D:2      | Killed Ijyb
  1657 | D:3      | Noticed a hippogriff
  1671 | D:3      | Slain by a hippogriff

Skill      XL: |  1  2  3  4 |
---------------+-------------+-----
Shields        | 3 |  3.6
Armour         | 3 |  3.1
Long Blades    | 2 |  2.5
Dodging        | 1 |  1.1
Fighting       | |  3.7
Stealth        | |  0.2

Action                   |  1- 3 |  4- 6 || total
-------------------------+-------+-------++-------
Melee: Long sword        |   109 |   116 ||   225
  Use: Potion            |     2 |       ||     2
  Eat: Chunk             |     4 |     4 ||     8
Armor: Scale mail        |    69 |       ||    69
       Chain mail        |    11 |    98 ||   109
Dodge: Dodged            |    46 |    35 ||    81
Block: Shield            |    73 |    55 ||   128
       Rpst.: Long sword |    15 |     8 ||    23
